 Dungeon Crawl Stone Soup version 0.29-a0-284-gf9362112df (webtiles) character file.

Game seed: 10302086335836818283

25 dolemite99 the Ruffian (level 3, -13/30 HPs)
             Began as a Djinni Cinder Acolyte on Mar 20, 2022.
             Was a High Priest of Ignis.
             Mangled by a gnoll
             ... wielding a +4 halberd
              (16 damage)
             ... on level 2 of the Dungeon.
             The game lasted 00:01:24 (1813 turns).

dolemite99 the Ruffian (Djinni Cinder Acolyte)      Turns: 1813, Time: 00:01:25

Health: -13/30     AC:  2    Str: 15    XL:     3   Next: 17%
Gold:   29         EV: 11    Int: 15    God:    Ignis [*****.] SH:  0 Dex:  8

rFire   + + +      SeeInvis .     - Unarmed
rCold   x . .      Faith    .   (no shield)
rNeg    . . .      Spirit   .   a - +0 robe
rPois   ∞          Reflect  .   (no helmet)
rElec   .          Harm     .   (no cloak)
rCorr   .          Rampage  .   (no gloves)
Will    .....                   (boots unavailable)
Stlth   +.........              (no amulet)
HPRegen 0.10/turn               (no ring)
MPRegen 0.00/turn               (no ring)

@: rising, flying
A: sickness immunity, fire resistance 2, cold vulnerability 1, float, innate
caster, HP casting, extra vitality 1
a: Renounce Religion, Fiery Armour, Foxfire Swarm


You were on level 2 of the Dungeon.
You worshipped Ignis.
Ignis was extremely pleased with you.
You visited 1 branch of the dungeon, and saw 2 of its levels.

You collected 29 gold pieces.

Inventory:

Missiles
 g - 3 poisoned darts
 i - 15 stones
 j - 5 javelins
Armour
 a - a +0 robe (worn)
Scrolls
 b - a scroll of blinking {unknown}
 d - 3 scrolls of identify {unknown}
 e - a scroll of silence {unknown}
 f - a scroll of noise {unknown}
 h - a scroll of vulnerability {unknown}
Potions
 c - a potion of might {unknown}
 k - 2 potions of curing {unknown}
 l - a potion of haste {unknown}


   Skills:
 - Level 3.0 Fighting
 + Level 4.1 Unarmed Combat
 - Level 2.4 Spellcasting


You had 3 spell levels left.
You knew the following spells:

 Your Spells              Type           Power      Damage    Failure   Level
a - Scorch                Fire           18%        2d6       12%         2
b - Sandblast             Erth           18%        2d7       8%          1
Your spell library was empty.

Dungeon Overview and Level Annotations

Branches:
Dungeon (2/15)

Altars:


Innate Abilities, Weirdness & Mutations

You are immune to sickness and miasma.
You are immune to poison.
Your flesh is very heat resistant. (rF++)
You are vulnerable to cold. (rC-)
You float through the air rather than walking.
You learn spells naturally, not from books.
Your magical power is your life essence.
You have superior vitality. (+4 MHP)


Message History

Spell assigned to 'b'.
You start resting.
You start resting.
HP restored.
You start waiting.
Done waiting.
You start waiting.
Done waiting.
Found a stone staircase leading down.
l - a glowing red potion
There is a shaft here.
A frilled lizard comes into view.
Found 15 gold pieces.
The frilled lizard hisses angrily.
You hear a shout!
The frilled lizard moves out of view.
You hear a shout!
Found a hunting sling.
You hear a shout!
A frilled lizard is nearby!
A frilled lizard is nearby!
You closely miss the frilled lizard. The frilled lizard barely misses you.
You barely miss the frilled lizard. The frilled lizard bites you.
You hit the frilled lizard.
You kill the frilled lizard! 4 gnolls come into view.
Found a stone staircase leading up.
The gnoll shouts! x3
An adder comes into view.
The gnoll moves out of view.
You see here a frilled lizard corpse.
The adder hisses angrily.
The gnoll hits you from afar with a +4 halberd.
The gnoll hits you from afar with a +4 halberd!!
Ouch! That really hurt!
* * * LOW HITPOINT WARNING * * *
Okay, then.
You begin to rise into the air.
The gnoll hits you from afar with a +4 halberd!
Ouch! That really hurt!
You die...

#....... ####.<....
#........# #...gg...#
#........# #####
#...gS...#
....#########..g....#
............###.@...##
..............†.$....#
.......<....##.......#
............##.....).#
............##.......#
............##.......#
#.##.......^##.......#
#.#.........#######....
#...........# #...


You could see 4 gnolls and an adder.

Vanquished Creatures
  An adder (D:2)
  2 ball pythons
  A hobgoblin (D:1)
  3 kobolds (D:1)
  2 quokkas (D:1)
  3 bats (D:1)
  4 frilled lizards
  2 rats (D:1)
18 creatures vanquished.

Notes
Turn   | Place    | Note
-------+----------+-------------------------------------------
     0 | D:1      | dolemite99 the Djinni Cinder Acolyte began the quest for
                  | the Orb.
     0 | D:1      | Reached XP level 1. HP: 20/20 MP: 0/0
   311 | D:1      | Reached XP level 2. HP: 24/25 MP: 0/0
  1386 | D:2      | Reached skill level 4 in Unarmed Combat
  1386 | D:2      | Reached XP level 3. HP: 9/30 MP: 0/0
  1386 | D:2      | Learned a level 1 spell: Sandblast
  1813 | D:2      | Mangled by a gnoll

Illustrated notes

Levels and vault maps discovered:
D:1:      elethiomel_arrival_maze, layout_basic
D:2:      layout_basic

Skill      XL: |  1  2 |
---------------+-------+-----
Unarmed Combat | 4 |  4.1
Fighting       | |  3.0
Spellcasting   | |  2.4

Action                   || total
-------------------------++-------
Melee: Unarmed           ||    91
Invok: Rising Flame      ||     1
Armor: Robe              ||    15
Dodge: Dodged            ||    58

Table legend: (Time is in decaauts)
 A = Elapsed time spent in this place.
 B = Non-inter-level travel time spent in this place.
 C = Inter-level travel time spent in this place.
 D = Time resting spent in this place.
 E = Time spent auto-exploring this place.
 F = Levels seen in this place.
 G = Mean time per level.
                   A        B        C        D        E       F      G
               +--------+--------+--------+--------+--------+-----+--------+
         Total |   1806 |   1759 |     47 |    465 |   1071 |   2 |  903.0 |
       Dungeon |   1806 |   1759 |     47 |    465 |   1071 |   2 |  903.0 |
               +--------+--------+--------+--------+--------+-----+--------+

Top non-repeatable levels by time:
     D:1: 1236 daAuts
     D:2: 569 daAuts
